Map: Ever Dream LE

Players

CammyGreen

  • Race: Protoss Protoss
  • League: Master
  • Spawn Location: 1:00

Thaniri - Winner!

  • Race: Terran Terran
  • League: Master
  • Spawn Location: 7:00

VOD

Have the link to the VOD?

Description

Time

  • Played on: July 31, 2020, 1:50 a.m.
  • Length: 8:02
Show
View Real Time Build Order
Export as new Build Order

CammyGreen Protoss 

Build Orders: 1 Gate Expand, Phoenix Opening 

Get SALT Encoding   

  12  0:00  Probe  
  13  0:12  Probe  
  14  0:17  Pylon  
  14  0:24  Probe (Chrono Boost)  
  15  0:37  Probe (Chrono Boost)  
  15  0:38  Gateway  
  16  0:44  Probe (Chrono Boost)  
  16  0:46  Assimilator  
  17  0:51  Probe  
  18  1:03  Probe  
  19  1:15  Probe  
  20  1:30  Cybernetics Core  
  20  1:35  Nexus  
  20  1:37  Probe  
  21  1:47  Pylon  
  21  1:49  Probe  
  22  1:55  Assimilator  
  22  2:01  Probe  
  22  2:03  Adept (Chrono Boost)  
  25  2:14  Probe  
  25  2:26  Probe, Stargate  
  25  2:28  Adept (Chrono Boost)  
  28  2:38  Warp Gate, Probe  
  30  2:51  Probe (Chrono Boost)  
  30  2:52  Stalker  
  30  2:55  Probe (Chrono Boost)  
  33  3:01  Probe (Chrono Boost)  
  33  3:04  Probe (Chrono Boost)  
  35  3:06  Probe (Chrono Boost)  
  35  3:12  Phoenix (Chrono Boost)  
  38  3:14  Probe  
  38  3:18  Probe  
  40  3:26  Probe  
  41  3:30  Probe  
  41  3:31  Pylon  
  41  3:34  Phoenix (Chrono Boost)  
  44  3:38  Probe  
  45  3:42  Probe  
  45  3:47  Gateway  
  46  3:50  Probe  
  46  3:52  Robotics Facility  
  46  3:54  Probe  
  48  3:58  Assimilator  
  48  4:02  Probe, Pylon  
  49  4:04  Phoenix (Chrono Boost)  
  49  4:06  Probe  
  52  4:15  Probe  
  53  4:17  Pylon  
  53  4:18  Probe  
  54  4:27  Phoenix (Chrono Boost)  
  54  4:31  Stalker  
  58  4:49  Pylon  
  58  4:50  Stalker  
  61  4:52  Nexus  
  61  4:53  Observer (Chrono Boost)  
  61  4:55  Stalker  
  61  4:59  Probe  
  64  5:01  Pylon  
  64  5:02  Probe  
  64  5:04  Assimilator  
  65  5:11  Probe  
  65  5:12  Observer  
  67  5:17  Probe, Forge, Robotics Bay  
  68  5:23  Probe, Gateway  
  69  5:29  Probe, Gateway  
  69  5:35  Probe  
  71  5:37  Pylon  
  71  5:41  Probe, Immortal (Chrono Boost)  
  72  5:44  Shield Battery  
  72  5:47  Probe  
  77  5:53  Probe  
  77  5:54  Sentry x2  
  77  5:55  Protoss Ground Weapons Level 1 (Chrono Boost)  
  82  5:59  Probe  
  83  6:04  Probe  
  83  6:06  Probe  
  85  6:11  Probe  
  85  6:12  Photon Cannon  
  85  6:13  Photon Cannon  
  85  6:16  Probe  
  85  6:18  Probe  
  88  6:19  Colossus (Chrono Boost)  
  88  6:23  Probe  
  95  6:26  Twilight Council  
  95  6:34  Pylon  
  95  6:37  Pylon  
  95  6:40  Twilight Council  
  95  6:45  Photon Cannon  
  95  6:57  Colossus (Chrono Boost)  
  95  6:59  Shield Battery, Zealot x3  
  95  7:00  Shield Battery, Zealot  
  109  7:17  Gateway  
  109  7:19  Gateway  
  105  7:27  Zealot x4  
  77  7:53  Zealot x4  
Show
View Real Time Build Order
Export as new Build Order

Thaniri Terran - Winner!

Build Orders: Reaper Expand 

Get SALT Encoding   

  12  0:00  SCV  
  13  0:12  SCV  
  14  0:17  Supply Depot  
  14  0:24  SCV  
  15  0:39  SCV  
  15  0:40  Barracks  
  16  0:44  Refinery  
  16  0:51  SCV  
  17  1:03  SCV  
  18  1:15  SCV  
  19  1:31  Reaper  
  20  1:38  Orbital Command  
  20  1:43  Command Center  
  20  1:52  Supply Depot  
  20  2:03  Marine  
  20  2:04  SCV  
  22  2:16  Factory, SCV  
  22  2:21  Refinery  
  23  2:26  Barracks Reactor  
  23  2:28  SCV  
  24  2:31  Bunker  
  24  2:40  SCV  
  25  2:52  SCV  
  25  2:55  Orbital Command  
  26  3:01  Widow Mine, Starport  
  26  3:02  Marine  
  26  3:04  Marine  
  30  3:06  SCV  
  31  3:18  SCV  
  30  3:20  Marine  
  30  3:22  Marine  
  30  3:23  SCV  
  33  3:31  Widow Mine  
  35  3:38  Marine  
  35  3:40  Marine, SCV x2  
  39  3:46  Medivac  
  41  3:52  Supply Depot, SCV x2  
  41  3:55  Widow Mine  
  45  3:56  Marine  
  46  4:07  Barracks  
  46  4:11  Barracks  
  46  4:14  SCV x2  
  46  4:15  Marine x2  
  50  4:17  Factory Tech Lab  
  50  4:23  Starport Tech Lab  
  50  4:26  SCV x2  
  50  4:31  Supply Depot  
  52  4:33  Marine x2  
  52  4:36  Engineering Bay  
  54  4:44  Factory Tech Lab  
  54  4:48  Refinery  
  54  4:52  Marine x2, SCV x2  
  58  4:53  Supply Depot  
  58  4:54  Starport Reactor  
  58  5:05  SCV x2  
  58  5:06  Combat Shield, Stimpack, Marauder  
  62  5:11  Terran Infantry Weapons Level 1  
  62  5:14  Supply Depot  
  62  5:15  Marauder  
  62  5:16  Siege Tank  
  67  5:28  SCV x2  
  69  5:29  Marine, Refinery  
  69  5:35  Marine  
  73  5:36  Marauder  
  73  5:37  Supply Depot  
  73  5:38  Medivac  
  73  5:39  Marine  
  73  5:41  Supply Depot  
  76  5:44  Medivac  
  76  5:47  Marine, SCV  
  81  5:50  SCV  
  81  5:54  Widow Mine  
  81  5:55  Marine  
  84  5:59  SCV  
  84  6:04  Supply Depot  
  84  6:05  SCV  
  84  6:07  Supply Depot  
  84  6:08  Marine  
  86  6:11  Medivac  
  86  6:14  SCV  
  86  6:17  Marine  
  86  6:18  SCV  
  91  6:22  Marauder  
  93  6:26  SCV  
  93  6:31  Medivac, Marine  
  98  6:35  Concussive Shells, Marauder  
  101  6:40  Widow Mine  
  101  6:42  Medivac  
  101  6:43  Marauder  
  105  6:54  Marine x2  
  105  6:56  Marauder  
  105  6:57  SCV  
  110  7:03  Medivac  
  110  7:04  Marauder  
  114  7:13  SCV x2  
  114  7:25  SCV x2  
  90  7:37  Marine x2, SCV, Marauder x2  
Tags
 
Add a new tag
Caveats
  • Supply blocks, unpowered buildings, or Contaminate may cause inaccurate times.
  • Supply counts are checked every 10 seconds.